 Dungeon Crawl Stone Soup version 0.22.0-49-gab54619 (webtiles) character file.

616 yevrey the Conjurer (level 7, -5/38 HPs)
             Began as a Tengu Conjurer on Sept 4, 2018.
             Slain by a sky beast (6 damage)
             ... on level 5 of the Dungeon.
             The game lasted 00:10:55 (3131 turns).

yevrey the Conjurer (Tengu Conjurer)                Turns: 3131, Time: 00:10:55

Health: -5/38      AC:  5    Str: 10    XL:     7   Next: 45%
Magic:  11/11      EV: 13    Int: 16    God:
Gold:   97         SH:  0    Dex: 14    Spells: 3/10 levels left

rFire    . . .     SeeInvis .   j - +2 dagger (venom)
rCold    + . .     Gourm    .   (no shield)
rNeg     . . .     Faith    .   a - +2 leather armour {rC+}
rPois    .         Spirit   .   (helmet restricted)
rElec    .         Reflect  .   (no cloak)
rCorr    .         Harm     .   (no gloves)
MR       .....                  (boots unavailable)
Stlth    ++........             (no amulet)
HPRegen  0.12/turn              (no ring)
MPRegen  0.12/turn              (no ring)

@: no status effects
A: beak, talons 3, able to fly 1
a: Fly


You were on level 5 of the Dungeon.
You were very hungry.

You visited 1 branch of the dungeon, and saw 5 of its levels.

You collected 97 gold pieces.

Inventory:

Hand Weapons
 j - a +2 dagger of venom (weapon)
 s - a +0 quarterstaff
 w - a +0 war axe
Missiles
 b - 4 javelins (quivered)
 f - 72 arrows
 x - 3 needles of confusion
Armour
 a - a +2 leather armour of cold resistance (worn)
Scrolls
 e - a scroll of immolation {unknown}
 h - 2 scrolls of fear {unknown}
 m - 2 scrolls of magic mapping {unknown}
 r - a scroll of blinking {unknown}
 u - a scroll of remove curse {unknown}
 v - a scroll of teleportation {unknown}
Potions
 d - a potion of degeneration {unknown}
 g - 2 potions of haste {unknown}
 i - 4 potions of agility
 k - 3 potions of curing {unknown}
 l - a potion of cancellation {unknown}
 n - a potion of mutation {unknown}
 o - a potion of heal wounds {unknown}
 p - 3 potions of lignification
 q - a potion of berserk rage {unknown}
 z - a potion of resistance {unknown}
 A - a potion of flight {unknown}
Comestibles
 c - 6 rations


   Skills:
 + Level 1.3 Fighting
 + Level 3.8 Short Blades
 * Level 3.3 Armour
 + Level 3.7 Dodging
 + Level 3.6 Stealth
 + Level 0.1 Unarmed Combat
 + Level 2.3 Spellcasting
 + Level 7.1 Conjurations


You had 3 spell levels left.
You knew the following spells:

 Your Spells              Type           Power        Failure   Level  Hunger
a - Magic Dart            Conj           ###.         1%          1    #......
b - Searing Ray           Conj           ###...       1%          2    ###....
c - Iskenderun's Mystic   Conj           ###.....     14%         4    #####..

Your spell library contained the following spells:

 Spells                   Type           Power        Failure   Level  Hunger
 Dazzling Spray           Conj/Hex       ##....       19%         3    ###....
 Force Lance              Conj/Tloc      ##......     52%         4    #####..
 Fulminant Prism          Conj/Hex       ##........   52%         4    #####..


Dungeon Overview and Level Annotations

Branches:
Dungeon (5/15)
 Temple: D:4-7

Altars:


Innate Abilities, Weirdness & Mutations

You have a beak for a mouth.
You have claws for feet.
You can fly.


Message History

Something completely misses you.
You closely miss something. Your kick misses something. Something hits you.
Something shocks you.
* * * LOW HITPOINT WARNING * * *
You miss something. Something hits you.
* * * LOW HITPOINT WARNING * * *
Something shocks you.
* * * LOW HITPOINT WARNING * * *
There is a stone staircase leading up here.
A sky beast appears from thin air!
Reactivating autopickup.
You hit the sky beast but do no damage.
The sky beast looks as sick as possible!
The sky beast is severely wounded.
You barely miss the sky beast. You claw the sky beast.
The sky beast is almost dead.
The sky beast hits you.
* * * LOW HITPOINT WARNING * * *
The sky beast shocks you.
You die...

... #..... +.....
#......
#.....###### ##
......
#..........#..#
......
##.............##
......
#.......Y@........
......
#......ยง<......###
......
#...........##.#
......
#..........## .#
...... #.........##
.# ......
#.........# .
#....#
##.##...#.... ..# #
#...###... . .....
#..


You could see a sky beast.

Vanquished Creatures
  A phantom (D:4)
  2 scorpions
  A howler monkey (D:2)
  A hound (D:4)
  2 orc wizards (D:3)
  Natasha (thrice) (D:3)
  A worker ant (D:5)
  A howler monkey skeleton (D:4)
  8 adders
  2 oozes
  2 worms (D:2)
  4 dart slugs
  A leopard gecko (D:1)
  11 orcs
  A ball python (D:1)
  4 bats
  3 bat skeletons (D:2)
  4 giant cockroaches
  10 goblins
  4 hobgoblins
  12 jackals
  A quokka (D:3)
  5 frilled lizards
  2 jackal skeletons (D:2)
  5 kobolds
  A leopard gecko skeleton (D:2)
  A quokka skeleton (D:2)
  6 rats
99 creatures vanquished.

Notes
Turn   | Place    | Note
-------+----------+-------------------------------------------
     0 | D:1      | yevrey the Tengu Conjurer began the quest for the Orb.
     0 | D:1      | Reached XP level 1. HP: 10/10 MP: 4/4
   147 | D:1      | Reached XP level 2. HP: 15/15 MP: 4/6
   166 | D:1      | Learned a level 2 spell: Searing Ray
   444 | D:1      | Reached skill level 6 in Conjurations
   522 | D:1      | Reached XP level 3. HP: 19/19 MP: 5/7
  1086 | D:2      | Reached skill level 7 in Conjurations
  1086 | D:2      | Reached XP level 4. HP: 20/24 MP: 8/8
  1133 | D:2      | Learned a level 4 spell: Iskenderun's Mystic Blast
  1319 | D:2      | Reached skill level 1 in Short Blades
  1319 | D:2      | Gained mutation: You can fly. [Tengu growth]
  1319 | D:2      | Reached XP level 5. HP: 24/28 MP: 4/9
  1597 | D:2      | Found a faded altar of an unknown god.
  1891 | D:3      | Reached XP level 6. HP: 33/33 MP: 10/10
  1944 | D:3      | Noticed Natasha
  1965 | D:3      | Killed Natasha
  2302 | D:3      | Noticed Natasha
  2307 | D:3      | Killed Natasha
  2307 | D:3      | Reached skill level 1 in Armour
  2508 | D:3      | Noticed Natasha
  2513 | D:3      | Killed Natasha
  2651 | D:4      | Noticed a phantom
  2674 | D:4      | Killed a phantom
  2674 | D:4      | Reached skill level 1 in Fighting
  2674 | D:4      | Reached XP level 7. HP: 20/38 MP: 0/11
  2852 | D:5      | Entered Level 5 of the Dungeon
  3131 | D:5      | HP: 1/38 [sky beast (5)]
  3131 | D:5      | Slain by a sky beast

Skill      XL: |  1  2  3  4  5  6  7 |
---------------+----------------------+-----
Conjurations   | 6 7 |  7.1
Dodging        | 3 |  3.7
Short Blades   | 1 2 3 |  3.8
Stealth        | 3 |  3.6
Armour         | 2 3 |  3.3
Fighting       | 1 |  1.3
Unarmed Combat | |  0.1
Spellcasting   | |  2.3

Action                   |  1- 3 |  4- 6 |  7- 9 || total
-------------------------+-------+-------+-------++-------
Melee: Unarmed           |     6 |       |       ||     6
       Peck              |     6 |    22 |     6 ||    34
       Dagger            |    45 |   145 |    36 ||   226
       Club              |     2 |       |       ||     2
       Kick              |    13 |    38 |     4 ||    55
 Cast: Magic Dart        |    27 |     7 |       ||    34
       Searing Ray       |       |     2 |       ||     2
       Iskenderun's Myst |       |     1 |       ||     1
  Use: Scroll            |       |     3 |       ||     3
 Stab: Sleeping          |     3 |     3 |       ||     6
  Eat: Chunk             |     1 |     5 |     1 ||     7
Armor: Robe              |     7 |    10 |       ||    17
       Ring mail         |       |    20 |       ||    20
       Leather armour    |       |     8 |    10 ||    18
Dodge: Dodged            |    31 |    74 |    14 ||   119
